Map: Void Launch

Players

monk

  • Race: Terran Terran
  • Spawn Location: 6:00

Yuriprime

  • Race: Terran Terran
  • Spawn Location: 6:00

VOD

Have the link to the VOD?

Description

Time

  • Played on: Sept. 28, 2017, 9:16 a.m.
  • Length: 24:30
Show
View Real Time Build Order
Export as new Build Order

monk Terran 

Build Orders:  

Get SALT Encoding   

  12  0:06  SCV  
  13  0:23  SCV  
  13  0:27  Supply Depot  
  5  0:40  SCV  
  15  0:59  Factory  
  16  1:00  SCV  
  16  1:17  SCV  
  17  1:33  Devastation Turret  
  17  1:34  SCV  
  18  1:47  Devastation Turret  
  18  1:54  SCV  
  20  2:11  SCV  
  20  2:31  Command Center  
  20  2:34  SCV  
  21  2:43  Refinery  
  22  2:51  SCV  
  19  3:00  SCV  
  23  3:08  SCV  
  24  3:11  Refinery  
  24  3:17  SCV  
  25  3:25  SCV  
  25  3:26  Refinery  
  26  3:34  SCV  
  28  3:41  Refinery  
  28  3:42  SCV  
  29  3:51  SCV  
  29  3:59  Supply Depot  
  29  4:03  SCV  
  29  4:07  SCV  
  31  4:15  Factory Tech Reactor  
  32  4:20  SCV  
  32  4:27  SCV  
  33  4:32  Supply Depot  
  33  4:37  SCV  
  34  4:44  SCV  
  35  4:53  Factory Tech Reactor  
  35  4:54  SCV  
  37  5:01  SCV  
  37  5:04  Supply Depot  
  38  5:11  SCV  
  38  5:18  SCV  
  38  5:19  Starport  
  39  5:28  SCV  
  40  5:34  Siege Tank x2  
  40  5:35  SCV  
  40  5:39  Supply Depot  
  47  5:45  SCV  
  49  5:52  SCV  
  50  6:02  SCV  
  50  6:09  Starport Tech Reactor, SCV  
  51  6:12  Maelstrom Rounds  
  51  6:19  SCV  
  52  6:20  Spinning Dizzy  
  52  6:23  Supply Depot  
  52  6:26  SCV  
  53  6:34  Siege Tank  
  53  6:36  SCV, Siege Tank  
  60  6:43  SCV  
  60  6:44  Spinning Dizzy  
  61  6:51  Hercules  
  61  6:56  Armory  
  64  7:11  Spinning Dizzy  
  64  7:16  Upgrade Laser Drill Level 1  
  64  7:19  Terran Vehicle and Ship Weapons Level 1  
  64  7:29  Supply Depot  
  66  7:31  SCV  
  66  7:32  SCV  
  66  7:48  SCV  
  67  7:55  Factory  
  67  8:08  Science Vessel x2  
  72  8:10  Siege Tank x2  
  72  8:12  SCV  
  79  8:31  Supply Depot, SCV  
  79  8:46  Siege Tank x2  
  86  8:51  SCV  
  86  8:54  Perdition Turret  
  86  8:58  Improved Nano-Repair  
  86  8:59  Factory Tech Reactor  
  86  9:03  Supply Depot  
  86  9:04  SCV  
  87  9:13  SCV  
  87  9:17  Perdition Turret  
  89  9:20  SCV  
  89  9:33  Perdition Turret  
  89  9:42  Supply Depot  
  89  9:43  SCV  
  89  9:44  Goliath x2  
  89  9:46  Spinning Dizzy  
  89  9:47  Spinning Dizzy  
  94  9:51  Spinning Dizzy  
  94  9:58  Defensive Matrix  
  94  10:02  Science Vessel  
  94  10:03  Science Vessel  
  94  10:06  Perdition Turret  
  94  10:08  Perdition Turret  
  97  10:10  Perdition Turret  
  97  10:13  Perdition Turret x2  
  97  10:14  Siege Tank x2  
  97  10:15  Supply Depot, SCV x2  
  98  10:32  Terran Vehicle and Ship Weapons Level 2, Spinning Dizzy  
  98  10:34  Upgrade Laser Drill Level 2  
  98  10:35  SCV  
  99  10:54  Siege Tank  
  99  10:55  Goliath x3  
  99  10:57  SCV  
  99  10:58  Ares-Class Targeting System  
  106  11:25  Goliath  
  106  11:27  Goliath x2  
  112  11:38  Supply Depot  
  112  11:39  SCV  
  113  11:42  Multi-Lock Weapons System  
  113  11:47  Goliath  
  115  11:57  SCV x2  
  117  12:14  Goliath x3  
  123  12:20  Supply Depot  
  123  12:25  Goliath  
  125  12:40  Supply Depot  
  125  12:51  Goliath  
  127  13:03  Supply Depot  
  127  13:08  Command Center  
  127  13:23  SCV x2  
  127  13:24  Hercules  
  132  13:36  SCV  
  83  13:40  SCV x2  
  135  13:48  Siege Tank x4  
  147  13:53  SCV  
  147  13:59  SCV x2  
  150  14:10  Perdition Turret  
  150  14:11  Siege Tank  
  150  14:12  Perdition Turret  
  150  14:25  Siege Tank x2  
  150  14:26  Siege Tank x2  
  162  14:36  Spinning Dizzy  
  162  15:01  Goliath  
  162  15:07  Terran Vehicle and Ship Weapons Level 3  
  162  15:08  Perdition Turret  
  162  15:09  Perdition Turret, Engineering Bay  
  164  15:26  Goliath  
  164  15:30  Hi-Sec Auto Tracking  
  164  15:31  Supply Depot  
  164  15:32  Supply Depot x2  
  164  15:33  Perdition Turret  
  164  15:36  SCV  
  165  16:01  Perdition Turret, Goliath, Siege Tank  
  165  16:02  Siege Tank x2  
  165  16:03  Spinning Dizzy  
  165  16:04  Spinning Dizzy, SCV  
  177  16:18  Perdition Turret  
  177  16:30  Building Armor  
  177  16:33  Goliath  
  177  16:35  Supply Depot  
  177  16:36  Spinning Dizzy  
  177  16:37  Goliath, Supply Depot  
  177  16:38  Goliath x2  
  177  16:39  Spinning Dizzy  
  185  16:41  Spinning Dizzy  
  185  16:58  Perdition Turret x2  
  185  16:59  Perdition Turret x3  
  183  17:00  Spinning Dizzy  
  183  17:02  Spinning Dizzy  
  183  17:05  Goliath  
  183  17:09  Goliath  
  185  17:10  Goliath x2  
  185  17:12  Siege Tank  
  185  17:16  Perdition Turret  
  185  17:18  Perdition Turret  
  186  17:37  Goliath  
  191  17:41  Goliath  
  191  17:42  Goliath x2  
  191  17:48  Fire-Suppression Systems  
  197  18:09  Goliath  
  199  18:16  Spinning Dizzy  
  199  18:18  Spinning Dizzy  
  199  18:21  Spinning Dizzy  
  197  18:36  Goliath  
  197  18:38  Spinning Dizzy  
  199  18:41  Spinning Dizzy  
  199  18:44  Spinning Dizzy  
  199  18:48  KMC Auto-Loaders  
  199  18:49  Regenerative Bio-Steel  
  199  18:54  Spinning Dizzy  
  199  19:00  Spinning Dizzy  
  199  19:02  Spinning Dizzy  
  199  19:09  Spinning Dizzy  
  200  19:20  Spinning Dizzy  
  200  19:21  Spinning Dizzy  
  200  19:22  SCV  
  200  19:27  Spinning Dizzy  
  191  19:49  SCV  
  192  19:53  Spinning Dizzy  
  192  20:06  Spinning Dizzy x2  
  192  20:07  Spinning Dizzy  
  192  20:09  Spinning Dizzy  
  193  20:10  Spinning Dizzy  
  193  20:12  Spinning Dizzy, SCV  
  193  20:13  SCV  
  193  20:14  SCV  
  193  20:19  Advanced Optics  
  195  20:37  SCV x2  
  195  20:39  Spinning Dizzy  
  197  20:43  Spinning Dizzy  
  197  20:48  SCV  
  197  20:49  Spinning Dizzy  
  198  20:51  Spinning Dizzy x2  
  198  20:53  Spinning Dizzy  
  198  20:54  SCV  
  198  20:56  Spinning Dizzy  
  198  20:57  Spinning Dizzy  
  195  21:02  Spinning Dizzy x2  
  195  21:03  Perdition Turret, Spinning Dizzy x2  
  195  21:04  Perdition Turret  
  195  21:05  Spinning Dizzy  
  195  21:07  Spinning Dizzy  
  195  21:09  Spinning Dizzy  
  193  21:14  Spinning Dizzy  
  193  21:17  Spinning Dizzy  
  193  21:20  Spinning Dizzy  
  193  21:21  Spinning Dizzy x2  
  193  21:22  Spinning Dizzy  
  193  21:27  Perdition Turret  
  193  21:30  Perdition Turret  
  193  21:31  Spinning Dizzy  
  193  21:32  Spinning Dizzy  
  193  21:33  Spinning Dizzy x3  
  195  21:42  SCV x2  
  195  21:44  Spinning Dizzy, SCV  
  195  21:45  Spinning Dizzy  
  195  21:47  Spinning Dizzy  
  195  21:49  Spinning Dizzy x2  
  196  21:51  Spinning Dizzy  
  196  21:53  Perdition Turret, Spinning Dizzy  
  196  21:54  Perdition Turret  
  196  21:55  Perdition Turret, Spinning Dizzy  
  194  22:03  Spinning Dizzy  
  194  22:04  Spinning Dizzy  
  194  22:05  Spinning Dizzy  
  194  22:06  Spinning Dizzy, SCV x3  
  194  22:09  Spinning Dizzy  
  197  22:11  Spinning Dizzy  
  197  22:18  Spinning Dizzy  
  197  22:19  Spinning Dizzy  
  197  22:24  Spinning Dizzy  
  197  22:27  Spinning Dizzy  
  197  22:28  Spinning Dizzy  
  197  22:30  Spinning Dizzy  
  197  22:32  Spinning Dizzy  
  197  22:33  Spinning Dizzy  
  197  22:38  Spinning Dizzy  
  197  22:42  Spinning Dizzy  
  197  22:44  Spinning Dizzy  
  197  22:45  Spinning Dizzy  
  197  22:55  Spinning Dizzy  
  197  22:56  Spinning Dizzy x2  
  197  22:58  Spinning Dizzy  
  197  23:02  Spinning Dizzy  
  197  23:09  Spinning Dizzy  
  197  23:10  Spinning Dizzy x2  
  197  23:12  Spinning Dizzy  
  197  23:19  Goliath  
  197  23:20  Goliath  
  197  23:21  Spinning Dizzy  
  197  23:22  Spinning Dizzy  
  197  23:23  Spinning Dizzy  
  197  23:29  Spinning Dizzy  
  197  23:33  Spinning Dizzy x2  
  197  23:41  Spinning Dizzy  
  197  23:42  Spinning Dizzy  
  197  23:44  Spinning Dizzy  
  197  23:46  Spinning Dizzy  
Show
View Real Time Build Order
Export as new Build Order

Yuriprime Terran 

Build Orders:  

Get SALT Encoding   

  11  0:53  SCV  
  12  1:17  Command Center  
  12  1:19  SCV  
  13  1:36  SCV  
  14  1:53  SCV  
  14  1:54  Barracks  
  15  2:57  SCV  
  16  3:10  Orbital Command  
  16  3:16  Orbital Command  
  16  3:50  SCV  
  16  3:54  SCV  
  18  4:07  SCV  
  19  4:11  SCV  
  20  4:24  SCV  
  20  4:28  SCV  
  22  4:35  Orbital Command  
  22  4:45  SCV  
  23  5:02  SCV  
  24  5:13  SCV  
  24  5:19  SCV  
  34  5:30  SCV  
  26  5:36  SCV  
  28  5:46  SCV  
  29  5:53  SCV  
  30  6:09  Supply Depot  
  30  6:12  Supply Depot, SCV x2  
  32  6:29  SCV x2  
  34  6:41  Command Center  
  34  6:45  Command Center  
  34  6:46  SCV x2  
  34  6:48  Command Center  
  36  6:53  Command Center  
  36  6:56  Command Center  
  36  7:01  Command Center  
  36  7:03  SCV x2  
  38  7:20  SCV x2  
Tags
 
Commander
RaynorSwann
Matchup
Co-op
Replay Pack
Co-op Speedrun
Add a new tag
Caveats
  • Supply blocks, unpowered buildings, or Contaminate may cause inaccurate times.
  • Supply counts are checked every 10 seconds.